 Dungeon Crawl Stone Soup version 0.29-a0-1006-g0dd7720b37 (webtiles) character file.

Game seed: 17380405171261818918

635 Sobieck the Stinger (level 7, -7/55 HPs)
             Began as a Naga Venom Mage on Aug 6, 2022.
             Mangled by Menkaure (13 damage)
             ... on level 4 of the Dungeon.
             The game lasted 00:10:43 (4161 turns).

Sobieck the Stinger (Naga Venom Mage)               Turns: 4161, Time: 00:10:43

Health: -7/55      AC:  4    Str: 10    XL:     7   Next: 50%
Magic:  12/12      EV: 10    Int: 21    God:
Gold:   175        SH:  0    Dex: 12    Spells: 6/13 levels left

rFire   . . .      SeeInvis +   B - +10 flail of Deformation {pain, Int+4, mace}
rCold   . . .      Faith    .   (no shield)
rNeg    . . .      Spirit   .   t - +0 robe
rPois   +          Reflect  .   (no helmet)
rElec   .          Harm     .   u - +0 cloak
rCorr   .          Rampage  .   (no gloves)
Will    .....                   (no barding)
Stlth   ++........              (no amulet)
HPRegen 0.18/turn               l - ring of flight
MPRegen 0.13/turn               (no ring)

@: mighty, flying, very slow
A: AC +2, large, see invisible, deformed body, poison resistance, slowness 2,
spit poison 1, naga tail 1
a: Spit Poison


You were on level 4 of the Dungeon.
You visited 1 branch of the dungeon, and saw 6 of its levels.

You collected 175 gold pieces.


Innate Abilities, Weirdness & Mutations

Your serpentine skin is tough. (AC +2)
You have supernaturally acute eyesight. (SInv)
Armour fits poorly on your strangely shaped body.
Your system is resistant to poisons. (rPois)
You cover ground very slowly.
You can spit poison.
You have a snake-like lower body.


   Skills:
 + Level 3.3 Dodging
 - Level 3.0 Stealth
 + Level 3.7 Spellcasting
 + Level 3.4 Transmutations
 * Level 7.6 Poison Magic


You had 6 spell levels left.
You knew the following spells:

 Your Spells              Type           Power      Damage    Failure   Level
a - Sting                 Tmut/Pois      100%       1d8       1%          1
b - Poisonous Vapours     Pois/Air       40%        N/A       3%          2
c - Olgreb's Toxic Radia  Pois           36%        N/A       5%          4

Your spell library contained the following spells:

 Spells                   Type           Power      Damage    Failure   Level
 Wereblood                Tmut           18%        N/A       4%          2
 Shock                    Conj/Air       12%        1d3       12%         1
 Mephitic Cloud           Conj/Pois/Air  14%        N/A       13%         3
 Sublimation of Blood     Necr           3%         N/A       19%         2
 Swiftness                Air            3%         N/A       36%         3
 Airstrike                Air            1%         2d(1-17)  77%         4
 Summon Hydra             Summ           1%         N/A       100%        7

Inventory:

Hand Weapons
 a - a +1 whip of electrocution {mace}
   (You took it off a gnoll on level 3 of the Dungeon)
 f - a +0 dagger {short}
   (You found it on level 1 of the Dungeon)
 y - a +0 short sword of flaming {short}
   (You took it off a kobold on level 2 of the Dungeon)
 B - the +10 flail of Deformation (weapon) {pain, Int+4, mace}
   (You found it on level 5 of the Dungeon)

   In the hands of one skilled in necromantic magic, it inflicts extra damage on
   living creatures.
   Int:       It affects your intelligence (+4).
Missiles
 e - 42 stones {throwing}
 E - 3 boomerangs {throwing}
 P - 6 poisoned darts {throwing}
Armour
 h - a +0 leather armour
   (You found it on level 1 of the Dungeon)
 k - a +0 scale mail
   (You found it on level 1 of the Dungeon)
 m - a +0 ring mail
   (You found it on level 2 of the Dungeon)
 p - a +3 ring mail of fire resistance
   (You took it off Terence on level 2 of the Dungeon)
 s - a +0 plate armour
   (You found it on level 2 of the Dungeon)
 t - a +0 robe (worn)
 u - a +0 cloak (worn)
   (You found it on level 2 of the Dungeon)
 z - a +0 leather armour
   (You found it on level 5 of the Dungeon)
 A - a +0 helmet
   (You found it on level 5 of the Dungeon)
 C - a +0 scale mail
   (You took it off an orc on level 4 of the Dungeon)
 D - a +0 leather armour
   (You took it off an orc on level 4 of the Dungeon)
 F - a +0 leather armour
   (You took it off an orc on level 3 of the Dungeon)
 G - the +4 ring mail of the Lobster {rPois rF+ Stlth+}
   (You found it on level 3 of the Dungeon)

   rF:        It protects you from fire.
   rPois:     It protects you from poison.
   Stlth:     It makes you more stealthy.
 H - a +0 ring mail
   (You took it off a kobold on level 3 of the Dungeon)
 J - a +0 leather armour
   (You found it on level 3 of the Dungeon)
 L - a +0 scale mail
   (You found it on level 3 of the Dungeon)
 M - a +0 robe
   (You took it off an orc wizard on level 4 of the Dungeon)
 N - a +0 ring mail
   (You took it off an orc on level 4 of the Dungeon)
Magical Staves
 o - a staff of earth {!astaff}
   (You found it on level 2 of the Dungeon)
Jewellery
 l - a ring of flight (left hand)
   (You found it on level 1 of the Dungeon)
Wands
 v - a wand of polymorph (7)
   (You found it on level 3 of the Dungeon)
Scrolls
 c - 6 scrolls of identify {unknown}
 i - a scroll of immolation {unknown}
 q - a scroll of silence {unknown}
 r - a scroll of magic mapping {unknown}
 I - 3 scrolls of teleportation {unknown}
 K - a scroll of vulnerability {unknown}
 Q - a scroll of acquirement {unknown}
Potions
 b - a potion of magic
 d - 3 potions of might
 g - 2 potions of curing {unknown}
 j - a potion of lignification {unknown}
 n - 2 potions of flight {unknown}
 w - a potion of heal wounds {unknown}
 x - a potion of ambrosia {unknown}
 O - a potion of brilliance {unknown}

Dungeon Overview and Level Annotations

Branches:
Dungeon (6/15) Zot: 25085
 Temple: D:4-7

Altars:
Ru

Shops:
D:2 !

Annotations:
D:4 2 transporters, Menkaure; Spectrina's ghost, amateur DjVM

#....#........# #..##.##..##...
#....####...รท.#
#..##.##...#...
#.......#.###.###..##.##.#.#...
#..............................
#...###.#####.##.).##.##.#.#...
#...# #.......#....##.##.#.####
###############...###.##.#..#
#.....#####.#.....##.##.#
'........M@.......##.##.##
#.....#####.#....###.##..#
..... #.#........###.## ####
#.#.....#### #...
#.#.....######...
#.#####.##....... #.#
#...#.###..# #.####...#.# #..#
#..).....#.# #..#


You could see Menkaure (fast).


Message History

No target in view!
P - 6 poisoned darts {throwing}
Things that are here:
a +0 club {mace}; a kobold corpse An iguana comes into view.
A hobgoblin comes into view. It is wielding a +0 war axe.
Danger!
Unknown command.
Casting: Olgreb's Toxic Radiance (dangerous; 5% risk of failure)
Confirm with . or Enter, or press ? or * to list all spells.
You begin to radiate toxic energy.
The hobgoblin is poisoned.
The iguana hisses angrily.
The iguana is poisoned.
Unknown command.
You kill the hobgoblin!
Your toxic aura wanes.
Aiming: Spit Poison (1% risk of failure)
Press: ? - help, Shift-Dir - straight line, f - iguana
Aim: an iguana (moderately wounded, poisoned, 65% to hit)
The splash of poison hits the iguana.
The iguana looks even sicker.
You hit the iguana. The iguana bites you. The iguana barely misses you.
You hit the iguana.
You kill the iguana!
No target in view!
You have got your breath back.
You see here a +1 vorpal morningstar {mace}.
Unknown command.
You see here an iguana corpse. 2 adders come into view.
Things that are here:
a +0 war axe {axe}; 8 stones {throwing}; a scroll labelled XIOSHYG ANEQA Danger!
Casting: Olgreb's Toxic Radiance (dangerous; 5% risk of failure)
Confirm with . or Enter, or press ? or * to list all spells.
You begin to radiate toxic energy.
The adder hisses angrily.
The adder is poisoned.
The adder hisses angrily.
The adder is poisoned.
The adder looks even sicker.
Unknown command.
The adder looks even sicker.
Your toxic aura wanes.
You kill the adder!
The adder bites you but does no damage.
A worm comes into view.
The adder misses you.
You hit the adder.
You kill the adder!
The worm bites you.
You barely miss the worm. You sock the worm! The worm barely misses you.
You sock the worm!
You kill the worm!
You see here a worm corpse.
Unknown command.
e - 42 stones {throwing} (gained 8);
Q - a scroll labelled XIOSHYG ANEQA You see here a +0 war axe {axe}.
Unknown command.
Found a stone staircase leading down.
Unknown command.
You see here a +0 mace {mace}.
You reach down and open the door.
You see here a +0 club {mace}.
Things that are here:
a +0 dagger {short}; a +0 club {mace}
There is an escape hatch in the floor here.
The endoplasm quivers.
The endoplasm jiggles.
Spectrina's ghost turns its malevolent gaze towards you.
The ogre shouts!
I - 3 scrolls labelled QYARILOEWYU (gained 1) Menkaure, Prince of Dust comes into view.
Danger!
Unknown command.
Casting: Olgreb's Toxic Radiance (dangerous; 5% risk of failure)
Confirm with . or Enter, or press ? or * to list all spells.
Okay, then.
Unknown command.
Press: ? - help, v - describe, . - travel
Here: Menkaure The floor.
Unknown command.
Menkaure casts a spell.
Menkaure seems to speed up.
Menkaure sighs in an indecipherable tongue.
Unknown command.
You feel very mighty all of a sudden.
Menkaure calls on the powers of darkness!
Your body is wracked with pain!
Danger!
Menkaure calls on the powers of darkness!
Your body is wracked with pain!
* * * LOW HITPOINT WARNING * * *
You sock Menkaure!
Menkaure points at you and mumbles some strange words.
You resist with significant effort. Menkaure hits you!
* * * LOW HITPOINT WARNING * * *
Unknown command.
You barely miss Menkaure. Menkaure hits you!
You die...

Skill      XL: |  1  2  3  4  5  6 |
---------------+-------------------+-----
Dodging        | 2 3 |  3.3
Poison Magic   | 5 6 7 |  7.6
Transmutations | 2 3 |  3.4
Spellcasting   | 3 |  3.7
Stealth        | |  3.0

Action                   |  1- 3 |  4- 6 |  7- 9 || total
-------------------------+-------+-------+-------++-------
Melee: Dagger            |     9 |       |       ||     9
       Short sword       |       |     6 |       ||     6
       Whip              |       |     6 |       ||     6
       Flail             |       |    18 |    34 ||    52
 Cast: Sting             |    28 |    13 |       ||    41
       Poisonous Vapours |     6 |     3 |       ||     9
       Olgreb's Toxic Ra |       |     7 |     8 ||    15
 Abil: Spit Poison       |    39 |    11 |     1 ||    51
  Use: Potion            |       |     1 |     1 ||     2
 Stab: Sleeping          |       |     1 |       ||     1
Armor: Robe              |     4 |     9 |    15 ||    28
Dodge: Dodged            |    24 |    26 |    15 ||    65

Levels and vault maps discovered:
D:1:      dpeg_arrival_line_fractal, layout_basic,
          hellmonk_ecumenical_altar_arch_garden, minmay_crystal_room
D:2:      layout_basic, serial_shops,
          nicolae_shop_temple_entry_statues_fountains, kennysheep_nondescript,
          uniq_natasha, uniq_terence
D:3:      minmay_bubble_buster, layout_rooms, nicolae_overflow_hidden_temple
D:4:      layout_basic, mainiacjoe_overflow_surrounded_room,
          gammafunk_ghost_arena, uniq_menkaure
D:5:      layout_basic, lemuel_doored_altar, gammafunk_ghost_stat_death,
          uniq_crazy_yiuf_cottage
D:6:      layout_rooms, chequers_temple_overflow_statue_of_worship,
          minmay_temple_entry_glass, uniq_duvessa

Notes
Turn   | Place    | Note
-------+----------+-------------------------------------------
     0 | D:1      | Sobieck the Naga Venom Mage began the quest for the Orb.
     0 | D:1      | Reached XP level 1. HP: 15/15 MP: 3/3
   263 | D:1      | Reached XP level 2. HP: 22/22 MP: 5/5
   266 | D:1      | Learned a level 2 spell: Poisonous Vapours
   643 | D:1      | Reached XP level 3. HP: 24/28 MP: 4/6
   714 | D:1      | Found a faded altar of an unknown god.
  1100 | D:1      | Reached skill level 2 in Dodging
  1294 | D:2      | Found Taatziet's Distillery.
  1536 | D:2      | Noticed Terence
  1546 | D:2      | Reached skill level 5 in Poison Magic
  1546 | D:2      | Reached XP level 4. HP: 29/36 MP: 1/7
  1557 | D:2      | Learned a level 4 spell: Olgreb's Toxic Radiance
  1619 | D:2      | Killed Terence
  1620 | D:2      | Reached skill level 2 in Transmutations
  1765 | D:2      | You pick up a book of Air and begin reading...
  1765 | D:2      | You add the spells Shock, Swiftness and Airstrike to your
                  | library.
  1894 | D:2      | Noticed Natasha
  1900 | D:2      | Killed Natasha
  1901 | D:2      | Reached XP level 5. HP: 41/42 MP: 5/9
  2210 | D:3      | Reached skill level 3 in Spellcasting
  2210 | D:3      | Reached skill level 6 in Poison Magic
  2385 | D:3      | You are sucked into a shaft and drop 2 floors!
  2385 | D:5      | Entered Level 5 of the Dungeon
  2444 | D:5      | Noticed a phantom
  2463 | D:5      | Killed a phantom
  2464 | D:5      | Reached XP level 6. HP: 21/49 MP: 10/10
  2649 | D:5      | Identified the +10 flail of Deformation {pain, Int+4}
  2666 | D:5      | Reached skill level 3 in Transmutations
  2780 | D:4      | You pick up a book of Blood and begin reading...
  2780 | D:4      | You add the spells Sublimation of Blood, Wereblood and
                  | Summon Hydra to your library.
  2864 | D:3      | Identified the +4 ring mail of the Lobster {rPois rF+
                  | Stlth+}
  2940 | D:3      | Reached skill level 3 in Dodging
  2943 | D:3      | Reached skill level 7 in Poison Magic
  3207 | D:3      | Reached XP level 7. HP: 54/55 MP: 12/12
  3629 | D:4      | Found a sacrificial altar of Ru.
  3717 | D:4      | Found a transporter.
  3785 | D:4      | Found a transporter.
  3787 | D:4      | Noticed Spectrina's ghost (amateur DjVM)
  4151 | D:4      | Noticed Menkaure
  4160 | D:4      | HP: 6/55 [Menkaure (10)]
  4161 | D:4      | Mangled by Menkaure

Vanquished Creatures
  An ogre (D:4)
  A phantom (D:5)
  2 scorpions (D:5)
  An iguana (D:4)
  Terence (D:2)
  Natasha (D:2)
  An orc wizard (D:4)
  9 adders
  5 gnolls (D:3)
  5 worms
  2 dart slugs
  13 orcs
  3 bats
  8 endoplasms
  3 giant cockroaches
  8 goblins
  11 hobgoblins
  4 jackals (D:4)
  7 quokkas
  7 ball pythons
  6 frilled lizards
  9 kobolds
  7 rats
115 creatures vanquished.

Table legend:
 A = Non-vault XP
 B = Vault XP
 C = Vault XP percentage of total XP
 D = Non-vault monster count
 E = Vault monster count
 F = Vault count percentage of total count
                 A         B        C        D         E       F
            +---------+---------+-------+---------+---------+-------
      Total |     813 |      95 |  10.5 |     106 |       9 |   7.8
            +---------+---------+-------+---------+---------+-------
        D:1 |      56 |       0 |   0.0 |      31 |       0 |   0.0
        D:2 |      46 |      71 |  60.7 |      17 |       2 |  10.5
        D:3 |     155 |      24 |  13.4 |      27 |       7 |  20.6
        D:4 |     292 |       0 |   0.0 |      28 |       0 |   0.0
        D:5 |     264 |       0 |   0.0 |       3 |       0 |   0.0
            +---------+---------+-------+---------+---------+-------

Illustrated notes

Table legend:
 A = Kills in this place as a percentage of kills in entire the game.
 B = Kills by you in this place as a percentage of kills by you in the entire game.
 C = Kills by friends in this place as a percentage of kills by friends in the entire game.
 D = Other kills in this place as a percentage of other kills in the entire game.
 E = Experience gained in this place as a percentage of experience gained in the entire game.
 F = Experience gained in this place divided by the number of levels of this place that you have seen.
                   A       B       C       D       E      F
               +-------+-------+-------+-------+-------+----------------------
         Total | 100.0 | 100.0 |   N/A |   N/A | 100.0 | 151.3
       Dungeon | 100.0 | 100.0 |   N/A |   N/A | 100.0 | 151.3
               +-------+-------+-------+-------+-------+----------------------

Table legend: (Time is in decaauts)
 A = Elapsed time spent in this place.
 B = Non-inter-level travel time spent in this place.
 C = Inter-level travel time spent in this place.
 D = Time resting spent in this place.
 E = Time spent auto-exploring this place.
 F = Levels seen in this place.
 G = Mean time per level.
                   A        B        C        D        E       F      G
               +--------+--------+--------+--------+--------+-----+--------+
         Total |   5140 |   4993 |    147 |    902 |   3160 |   6 |  856.7 |
       Dungeon |   5140 |   4993 |    147 |    902 |   3160 |   6 |  856.7 |
               +--------+--------+--------+--------+--------+-----+--------+

Top non-repeatable levels by time:
     D:1: 1392 daAuts
     D:3: 1243 daAuts
     D:2: 1108 daAuts
     D:4: 1055 daAuts
     D:5: 330 daAuts
     D:6: 8 daAuts
